 Dungeon Crawl Stone Soup version 0.24.0-1-gfbc8707122 (webtiles) character file.

Game seed: 12655631350252818281, levelgen mode: deterministic

177 Fingolfin the Skirmisher (level 5, 0/52 HPs)
             Began as a Hill Orc Monk on Oct 26, 2019.
             Was an Initiate of Gozag.
             Slain by Grinder (5 damage)
             ... on level 5 of the Dungeon.
             The game lasted 00:05:23 (2064 turns).

Fingolfin the Skirmisher (Hill Orc Monk)            Turns: 2064, Time: 00:05:24

Health: 0/52       AC: 10    Str: 15    XL:     5   Next: 57%
Magic:  5/5        EV:  7    Int: 10    God:    Gozag
Gold:   199        SH:  0    Dex: 13    Spells: 4/4 levels left

rFire    . . .     SeeInvis .   a - +0 hand axe
rCold    . . .     Gourm    .   (no shield)
rNeg     . . .     Faith    .   f - +0 chain mail
rPois    .         Spirit   .   l - +0 helmet
rElec    .         Reflect  .   (no cloak)
rCorr    .         Harm     .   (no gloves)
MR       .....                  n - +0 pair of boots
Stlth    ..........             (no amulet)
HPRegen  0.17/turn              (no ring)
MPRegen  0.09/turn              (no ring)

@: lethally poisoned (0 -> -8)
A: no striking features
a: Potion Petition, Call Merchant, Bribe Branch, Renounce Religion


You were on level 5 of the Dungeon.
You worshipped Gozag.
Gozag was aware of your devotion.
You were near starving.

You visited 1 branch of the dungeon, and saw 4 of its levels.

You collected 199 gold pieces.

Inventory:

Hand Weapons
 a - a +0 hand axe (weapon)
Missiles
 e - 190 stones (quivered)
 m - 5 javelins
 p - 16 poisoned darts
 r - 4 boomerangs
 t - 6 atropa-tipped darts
Armour
 b - a +0 robe
 f - a +0 chain mail (worn)
 l - a +0 helmet (worn)
 n - a +0 pair of boots (worn)
Jewellery
 j - an uncursed ring of ice
Scrolls
 c - 3 scrolls of identify {unknown}
 g - a scroll of amnesia {unknown}
 h - a scroll of magic mapping {unknown}
 i - a scroll of fear {unknown}
 o - 2 scrolls of immolation {unknown}
 q - a scroll of teleportation {unknown}
 u - a scroll of enchant armour {unknown}
Potions
 k - a potion of magic {unknown}
 s - a potion of brilliance {unknown}
 v - a potion of haste {unknown}
Comestibles
 d - 4 rations


   Skills:
 + Level 7.3 Fighting
 - Level 4.0 Axes
 - Level 2.4 Dodging
 - Level 1.5 Stealth


You had 4 spell levels left.
You didn't know any spells.
Your spell library was empty.

Dungeon Overview and Level Annotations

Branches:
Dungeon (3/15)

Altars:
Gozag

Annotations:
D:5 Grinder


Message History

The worker ant poisons you!
You slash the worker ant!
The worker ant is heavily wounded.
You closely miss Grinder.
You feel sick.
An orc comes into view. It is wielding a +0 dagger.
Grinder hits you but does no damage.
The worker ant bites you but does no damage.
Grinder closely misses you.
The orc moves out of view.
You hit the worker ant.
The worker ant is severely wounded.
You hit Grinder.
You feel sick. The worker ant bites you.
* * * LOW HITPOINT WARNING * * *
The orc wizard casts a spell.
The orc wizard blinks!
The worker ant bites you.
* * * LOW HITPOINT WARNING * * *
Grinder hits you.
* * * LOW HITPOINT WARNING * * *
You writhe in agony.
You die...
Your body crumbles into a pile of gold.

#.# #.#
#.# #.#
#.# #.#
#5# #@# $
#a#
..oo..o§#
####...o#
......#
#.##....#
# #....#
#...o#
#....#


You could see Grinder, a worker ant and 3 orcs.

Vanquished Creatures
  An orc wizard (D:3)
  A worker ant (D:5)
  Robin (D:2)
  3 adders
  An ooze (D:1)
  2 dart slugs (D:1)
  A leopard gecko (D:1)
  5 orcs
  2 giant cockroaches (D:1)
  17 goblins
  8 hobgoblins
  A ball python (D:2)
  6 bats
  5 frilled lizards
  2 kobolds (D:1)
  8 rats
64 creatures vanquished.

Vanquished Creatures (others)
  An orc wizard (D:3)
1 creature vanquished.

Grand Total: 65 creatures vanquished

Notes
Turn   | Place    | Note
-------+----------+-------------------------------------------
     0 | D:1      | Fingolfin the Hill Orc Monk began the quest for the Orb.
     0 | D:1      | Reached XP level 1. HP: 19/19 MP: 1/1
   159 | D:1      | Reached skill level 4 in Fighting
   199 | D:1      | Reached XP level 2. HP: 27/27 MP: 2/2
   329 | D:1      | Reached XP level 3. HP: 35/35 MP: 3/3
   375 | D:1      | Reached skill level 5 in Fighting
  1084 | D:2      | Noticed Robin
  1114 | D:2      | Killed Robin
  1123 | D:2      | Reached XP level 4. HP: 44/44 MP: 4/4
  1504 | D:2      | Found a faded altar of an unknown god.
  1512 | D:2      | Became a worshipper of Gozag Ym Sagoz the Greedy
  1737 | D:3      | Reached skill level 6 in Fighting
  1762 | D:3      | Reached XP level 5. HP: 33/51 MP: 5/5
  2038 | D:3      | You fall into a shaft and drop 2 floors!
  2038 | D:5      | Entered Level 5 of the Dungeon
  2042 | D:5      | Noticed Grinder
  2045 | D:5      | Reached skill level 7 in Fighting
  2064 | D:5      | Slain by Grinder

Levels and vault maps discovered:
D:1:      elethiomel_arrival_maze, layout_basic, hex_tiny
D:2:      layout_loops_ring, first_ration,
          chequers_ecumenical_altar_simple_redux, uniq_robin
D:3:      layout_loops_cross, uniq_ijyb
D:5:      layout_basic, elyvilon_altar_4, uniq_blork_the_orc, uniq_pikel,
          uniq_grinder

Skill      XL: |  1  2  3  4  5 |
---------------+----------------+-----
Fighting       | 4 5 6 7 |  7.3
Axes           | |  4.0
Dodging        | |  2.4
Stealth        | |  1.5

Action                   |  1- 3 |  4- 6 || total
-------------------------+-------+-------++-------
Melee: Hand axe          |    97 |   122 ||   219
Invok: Potion Petition   |       |     1 ||     1
 Stab: Sleeping          |     1 |       ||     1
  Eat: Chunk             |     1 |     1 ||     2
Armor: Chain mail        |    60 |    77 ||   137
Dodge: Dodged            |    18 |    52 ||    70
